 Dungeon Crawl Stone Soup version 0.18-a0-1014-g3bbf375 (webtiles) character file.

93 JokEr the Magician (level 4, -5/24 HPs)
             Began as a Deep Elf Wizard on Jan 6, 2016.
             Slain by an orc
             ... wielding a +0 trident
              (9 damage)
             ... on level 3 of the Dungeon.
             The game lasted 00:06:25 (1984 turns).

JokEr the Magician (Deep Elf Wizard)                Turns: 1984, Time: 00:06:26

Health: -5/24      AC:  3    Str:  4    XL:     4   Next: 36%
Magic:  5/13       EV: 12    Int: 24    God:
Gold:   87         SH:  0    Dex: 13    Spells: 4 memorised, 5 levels left

rFire  . . .     SeeInvis .     (no weapon)
rCold  . . .     Gourm    .     a - +1 robe
rNeg   . . .     Faith    .     (no shield)
rPois  .         Spirit   .     b - +0 hat
rElec  .         Dismiss  .     (no cloak)
rCorr  .         Reflect  .     (no gloves)
SustAt .         Harm     .     (no boots)
MR     .....                    (no amulet)
Stlth  ++........               (no ring)
                                (no ring)

@: very slightly contaminated, not resistant to hostile enchantments, unstealthy
A: no striking features
a: no special abilities


You were on level 3 of the Dungeon.
You were not hungry.

You visited 1 branch of the dungeon, and saw 3 of its levels.

You collected 87 gold pieces.

Inventory:

Armour
 a - a +1 robe (worn)
 b - a +0 hat (worn)
Jewellery
 s - an uncursed ring of flight
Scrolls
 e - a scroll of enchant armour
 g - a scroll of remove curse
Potions
 h - a potion of degeneration
 i - a potion of flight
 l - a potion of agility
 m - a potion of might {unknown}
 o - a potion of mutation {unknown}
Books
 c - a book of Minor Magic

   Spells                             Type                      Level
   a - Magic Dart                     Conjuration                  1
   b - Blink                          Translocation                2
   c - Call Imp                       Summoning                    2
   d - Repel Missiles                 Charms/Air                   2
   e - Slow                           Hexes                        2
   f - Conjure Flame                  Conjuration/Fire             3
   g - Mephitic Cloud                 Conjuration/Poison/Air       3
Comestibles
 d - 2 bread rations
 j - a meat ration
 n - 2 beef jerkies
 p - 2 fruits


   Skills:
 - Level 2.4 Dodging
 - Level 2.4 Stealth
 + Level 5.7 Spellcasting
 + Level 3.3 Conjurations
   Level 1.1 Summonings
 - Level 1.1 Translocations
 + Level 0.7 Fire Magic
 + Level 0.2 Poison Magic


You had 5 spell levels left.
You knew the following spells:

 Your Spells              Type           Power        Failure   Level  Hunger
a - Magic Dart            Conj           ###.         1%          1    None
b - Mephitic Cloud        Conj/Pois/Air  ##......     17%         3    #......
c - Blink                 Tloc           N/A          10%         2    None
d - Conjure Flame         Conj/Fire      ###.....     14%         3    #......


Dungeon Overview and Level Annotations

Branches:
Dungeon (3/15)

Altars:


Message History

Okay, then.
You see here a club.
The orc wizard points at you and mumbles some strange words.
You are confused.
You bump into the rock wall.
You bump into the rock wall.
You bump into the rock wall.
The orc wizard points at you and mumbles some strange words.
You resist with some effort.
You bump into the rock wall.
You feel less confused.
The orc wizard gestures at you while chanting.
The magic dart hits you!
* * * LOW HITPOINT WARNING * * *
You open the door.
The orc shouts!
There is an open door here.
An orc comes into view. It is wielding a trident.
The orc hits you from afar with a trident!
You die...

###.......# #.# #.#
..........# #.# #.#
##........#####'######
#.#
#........##.........#
#.#
#....#..l##.........#
#.#
#.#..#.o.##.........###
#.#
#.#..#...##....o.......
#.# #
#..#...##............
#.# #.
#...##....@.o..... #.#
#...#####o###..... #.#
+...# #.# ... #.# #...#
#.# . #.# #...# #.#
#(## #...# #.# #...
+...# #.# #### #?..#
#)# ..####...# #.#


You could see an orc wizard and 2 orcs.

Vanquished Creatures
  2 adders (D:2)
  2 oozes (D:1)
  3 worms (D:2)
  2 giant geckos
  3 orcs (D:3)
  2 ball pythons (D:1)
  7 bats
  3 giant cockroaches
  9 goblins
  8 hobgoblins
  3 kobolds
  2 giant newts (D:1)
  5 rats
51 creatures vanquished.

Notes
Turn   | Place    | Note
--------------------------------------------------------------
     0 | D:1      | JokEr the Deep Elf Wizard began the quest for the Orb.
     0 | D:1      | Reached XP level 1. HP: 10/10 MP: 7/7
   110 | D:1      | Reached XP level 2. HP: 15/15 MP: 1/9
   582 | D:1      | Reached skill level 5 in Spellcasting
   673 | D:1      | Reached XP level 3. HP: 19/19 MP: 5/11
  1413 | D:2      | Learned a level 3 spell: Mephitic Cloud
  1416 | D:2      | Learned a level 2 spell: Blink
  1420 | D:2      | Learned a level 3 spell: Conjure Flame
  1586 | D:2      | Reached XP level 4. HP: 24/24 MP: 11/13
  1984 | D:3      | Slain by an orc

Vault maps used:
D:1:      minmay_arrival_checkered_box, minmay_cupped
D:2:      minmay_misc_feat_five

Action                   |  1- 3 |  4- 6 || total
-------------------------+-------+-------++-------
Melee: Unarmed           |       |     6 ||     6
 Cast: Magic Dart        |    95 |    26 ||   121
       Conjure Flame     |       |     2 ||     2
       Blink             |       |     1 ||     1
  Use: Scroll            |     7 |     5 ||    12
       Potion            |       |     1 ||     1
  Eat: Bread ration      |     1 |       ||     1
